 Dungeon Crawl Stone Soup version 0.19.4 (webtiles) character file.

168 Minion the Covert (level 5, -3/34 HPs)
             Began as an Octopode Assassin on Feb 1, 2017.
             Was a Priest of Ru.
             Killed by divine providence
             ... invoked by an orc priest
              (14 damage)
             ... on level 3 of the Dungeon.
             The game lasted 00:10:12 (2787 turns).

Minion the Covert (Octopode Assassin)               Turns: 2787, Time: 00:10:13

Health: -3/34      AC:  1    Str: 11    XL:     5   Next: 49%
Magic:  5/5        EV: 12    Int: 13    God:    Ru [***...]
Gold:   105        SH:  0    Dex: 14    Spells: 0 memorised, 4 levels left

rFire  x . .     SeeInvis .     j - +1 dagger (freeze)
rCold  x . .     Gourm    .     (no shield)
rNeg   . . .     Faith    .     (helmet restricted)
rPois  .         Spirit   .     (no amulet)
rElec  .         Reflect  .     g - +3 ring of slaying
rCorr  .         Harm     .     (no ring)
MR     .....                    (no ring)
Stlth  +++++.....               (no ring)
                                (no ring)
                                (no ring)
                                (no ring)
                                (no ring)

@: exhausted, drained
A: almost no armour, stealthy swim, amphibious, 8 rings, constrict 8, camouflage
1, gelatinous body 1, temperature sensitive
a: Draw Out Power, Renounce Religion


You were on level 3 of the Dungeon.
You worshipped Ru.
Ru was most pleased with you.
You were not hungry.

You visited 1 branch of the dungeon, and saw 3 of its levels.

You collected 105 gold pieces.

Inventory:

Hand Weapons
 a - a +3 dagger
 b - a +0 blowgun
 j - a +1 dagger of freezing (weapon)
Missiles
 c - 8 poisoned needles
 d - 2 curare-tipped needles
Jewellery
 g - a +3 ring of slaying (left tentacle)
Scrolls
 e - 5 scrolls of identify
 h - 2 scrolls of enchant weapon
 k - a scroll of immolation
Comestibles
 f - 2 bread rations
 i - 2 meat rations
 l - a slice of pizza
 m - 8 chunks of flesh


   Skills:
 - Level 2.0(1.8) Fighting
 - Level 2.0(1.8) Short Blades
 - Level 2.0(1.8) Throwing
 - Level 1.0(0.8) Dodging
 + Level 9.2(8.9) Stealth


You had 4 spell levels left.
You didn't know any spells.

Dungeon Overview and Level Annotations

Branches:
Dungeon (3/15)

Altars:
Elyvilon
Fedhas
Gozag
Hepliaklqana
Ru
Trog
The Shining One

Shops:
D:3 *

Annotations:
D:2 1 runed door


Innate Abilities, Weirdness & Mutations

You cannot wear most types of armour.
You are very stealthy in the water. (Stealth+)
You are amphibious.
You can wear up to eight rings at the same time.
You can use your tentacles to constrict eight enemies at once.
Your skin changes colour to match your surroundings (Stealth+).
Your rubbery body absorbs attacks. (AC +1, EV +1)
You are sensitive to extremes of temperature. (rF-, rC-)


Message History

You hit the orc priest. You freeze the orc priest.
The orc priest is lightly wounded.
You constrict the orc priest. The orc hits you but does no damage.
The orc priest closely misses you.
You hit the orc priest. You freeze the orc priest.
You squeeze the orc priest, but do no damage.
The orc priest is severely wounded.
You constrict the orc priest, but do no damage.
The orc hits you with a short sword!
You focus your will and blind the orc in retribution!
The orc priest hits you but does no damage.
You hit the orc priest. You freeze the orc priest. You squeeze the orc priest.
You kill the orc priest!
Your base Stealth skill increases to level 9!
The orc closely misses you.
You're too exhausted to draw out your power.
The orc priest looks satisfied for a moment.
The orc priest calls down the wrath of Beogh upon you.
Beogh smites you!
You die...

.......######........≈≈.≈≈...#
....#.).........####.≈...≈...#
..............###....≈._.≈.###
..............##..##≈≈...≈≈###
.....#......##o...<.≈.....≈..##
.....####.#...o##...≈.⌠.⌠.≈...##
....#####.##..###...≈..∩..≈....#
........#...)####...≈.⌠.⌠.≈....#
....###.##..o.og@...≈.....≈....##
....###..)..........≈≈≈≈≈≈≈...#..
#####....##......###...##.....#..
.............###..###............
....######.......................
...#######.....[.................
.#.##.........................#..
......#..................#...####
....[...##..)............#####


You could see an orc priest, an orc (blind) and a goblin.

Vanquished Creatures
  An orc priest (D:3)
  Robin (D:2)
  3 adders
  An ooze (D:1)
  A worm (D:2)
  5 dart slugs
  2 leopard geckos
  2 orcs (D:3)
  6 giant cockroaches
  7 goblins
  8 hobgoblins
  8 jackals
  A quokka (D:3)
  A ball python (D:1)
  13 bats
  2 frilled lizards
  7 kobolds
  12 rats
81 creatures vanquished.

Notes
Turn   | Place    | Note
-------+----------+-------------------------------------------
     0 | D:1      | Minion the Octopode Assassin began the quest for the Orb.
     0 | D:1      | Reached XP level 1. HP: 14/14 MP: 1/1
   136 | D:1      | Reached XP level 2. HP: 19/19 MP: 2/2
   145 | D:1      | Reached skill level 6 in Stealth
   212 | D:2      | Found a hazy altar of Hepliaklqana.
   249 | D:2      | Found a bloodstained altar of Trog.
   438 | D:2      | Reached XP level 3. HP: 18/24 MP: 3/3
   559 | D:3      | Reached skill level 7 in Stealth
   560 | D:3      | Found a sacrificial altar of Ru.
   563 | D:3      | Found an opulent altar of Gozag.
   568 | D:3      | Became a worshipper of Ru the Awakened
   726 | D:1      | You fall through a shaft!
   726 | D:2      | Found a blossoming altar of Fedhas.
   781 | D:2      | Reached XP level 4. HP: 29/29 MP: 4/4
  1305 | D:1      | Reached skill level 8 in Stealth
  1729 | D:2      | Found a runed door.
  1797 | D:2      | Found a white marble altar of Elyvilon.
  1889 | D:2      | Found a glowing golden altar of the Shining One.
  2181 | D:3      | Gained mutation: You are sensitive to extremes of temperature. (rF-, rC-) [Ru sacrifice]
  2181 | D:3      | Reached * piety under Ru
  2181 | D:3      | Reached ** piety under Ru
  2181 | D:3      | Reached *** piety under Ru
  2409 | D:3      | Found Gozag's Platinum Reserve.
  2489 | D:3      | Reached XP level 5. HP: 32/34 MP: 5/5
  2537 | D:3      | Noticed Robin
  2556 | D:2      | Killed Robin
  2784 | D:3      | Reached skill level 9 in Stealth
  2787 | D:3      | Killed from afar by an orc priest

Skill      XL: |  1  2  3  4  5 |
---------------+----------------+-----
Stealth        | 6 7 8 9 |  9.2
Fighting       | |  2.0
Short Blades   | |  2.0
Throwing       | |  2.0
Dodging        | |  1.0

Action                   |  1- 3 |  4- 6 || total
-------------------------+-------+-------++-------
Melee: Dagger            |    43 |    92 ||   135
       Constrict         |     4 |    25 ||    29
       Tentacles         |     4 |    14 ||    18
Invok: Sacrifice Resista |       |     1 ||     1
       Draw Out Power    |       |     1 ||     1
  Use: Scroll            |       |     7 ||     7
 Stab: Sleeping          |    24 |    13 ||    37
       Distracted        |       |     1 ||     1
  Eat: Chunk             |       |     6 ||     6
Armor: Skin              |       |     9 ||     9
Dodge: Dodged            |    12 |    45 ||    57
